 Dungeon Crawl Stone Soup version 0.31-a0-188-g5e087ee2ca (webtiles) character file.

Game seed: 7998629670368888182

50 qw the Shooter (level 3, -2/20 HPs)
             Began as a Deep Elf Hunter on June 23, 2023.
             Slain by an orc
             ... wielding a +0 war axe
              (6 damage)
             ... on level 2 of the Dungeon.
             The game lasted 00:00:25 (1080 turns).

qw the Shooter (Deep Elf Hunter)                    Turns: 1080, Time: 00:00:26

Health: -2/20      AC:  3    Str: 10    XL:     3   Next: 55%
Magic:  5/5        EV: 13    Int: 13    God:
Gold:   26         SH:  0    Dex: 24    Spells: 2/2 levels left

rFire   . . .        Y - +2 shortbow
rCold   . . .        (shield currently unavailable)
rNeg    . . .        c - +0 leather armour
rPois   .            (no helmet)
rElec   .            (no cloak)
rCorr   .            (no gloves)
SInv    .            (no boots)
Will    .....        (no amulet)
Stlth   ++           i - +6 ring of dexterity
HPRegen 0.23/turn    (no ring)
MPRegen 0.09/turn

%: no passive effects
@: lethally poisoned (-2 -> -8)
A: no striking features
a: no special abilities


You were on level 2 of the Dungeon.
You visited 1 branch of the dungeon, and saw 3 of its levels.

You collected 26 gold pieces.


   Skills:
 - Level 1.5 Fighting
 - Level 7.0 Ranged Weapons
 + Level 2.7 Dodging
 - Level 1.2 Stealth


You had 2 spell levels left.
You didn't know any spells.
Your spell library was empty.

Inventory:

Hand Weapons
 Y - a +2 shortbow (weapon)
Armour
 c - a +0 leather armour (worn)
Jewellery
 i - a +6 ring of dexterity (left hand)
Potions
 e - a potion of enlightenment
 f - a potion of attraction {unknown}
 g - a potion of cancellation {unknown}
 j - a potion of heal wounds

Dungeon Overview and Level Annotations

Branches:
Dungeon (3/15)

Altars:

Shops:
D:1 =   D:2 *


Message History

You shoot an arrow. The arrow closely misses the orc.
The orc hits you with a +0 war axe.
The orc wizard hits you with a +0 dagger.
The orc priest hits you with a +0 short sword.
1078 ||| STAIRDANCE Your enlightenment fades.
The orc closely misses you. The orc wizard closely misses you.
The orc wizard hits you with a +0 dagger.
The orc priest hits you with a +0 short sword.
You climb upwards.
There is a stone staircase leading down here.
Enter note:
Enter note:
Enter note:
Enter note:
Enter note:
Enter note:
Enter note:
Enter note:
Enter note:
Enter note:
Enter note:
Enter note:
Enter note:
Enter note:
Enter note:
Enter note:
Enter note:
Enter note:
Enter note:
Enter note:
Enter note: You shoot an arrow.
The arrow hits the orc.
The orc is severely wounded.
The orc wizard barely misses you.
The orc priest hits you with a +0 short sword.
The orc wizard hits you but does no damage.
You are lethally poisoned!
The orc hits you with a +0 war axe.
You die...

#.........................###..
#..............>..........# #..
#.........................# #..
##.######..................###..
#.....#....................#....
#.....#.#.......................
#.....#.#...............#####...
#.....#.#..<..oo#.......#8.8#...
#.....#.##.####@o..#.8###...###8
#.....#.##.#####o#....+.%._...'.
#.......##.#...)..#..8###...###8
#####<%.##.#....#.#.....#8.8#...
#####......#..).#.#.....#####...
#..........#....#...............
#..........#.......####.........
#........#.........# #.........
#...)..#...#.......# ##........


You could see an orc priest, 2 orc wizards and an orc.

Vanquished Creatures
  2 adders (D:2)
  3 endoplasms
  2 giant cockroaches (D:2)
  6 goblins
  A hobgoblin (D:1)
  5 kobolds
  3 quokkas (D:1)
  A ball python (D:1)
  2 bats (D:2)
  4 frilled lizards (D:2)
  2 rats (D:2)
31 creatures vanquished.

Notes
Turn   | Place    | Note
-------+----------+-------------------------------------------
     0 | D:1      | qw the Deep Elf Hunter began the quest for the Orb.
     0 | D:1      | Reached XP level 1. HP: 12/12 MP: 3/3
     0 | D:1      | 0 ||| qw: Version: 0.3-a-9-g12657ce
     0 | D:1      | 0 ||| qw: Game counter: 4383
     0 | D:1      | 0 ||| qw: Always use a shield: true
     0 | D:1      | 0 ||| qw: God list: Okawaru
     0 | D:1      | 0 ||| qw: Allow faded altars: false
     0 | D:1      | 0 ||| qw: Do Orc after D:15 true
     0 | D:1      | 0 ||| qw: Do second Lair branch before Depths: true
     0 | D:1      | 0 ||| qw: Lair rune preference: random
     0 | D:1      | 0 ||| qw: Plans: Normal
     0 | D:1      | 0 ||| PLANNING D:1-11
   121 | D:1      | Reached XP level 2. HP: 16/16 MP: 4/4
   130 | D:1      | Reached skill level 6 in Ranged Weapons
   133 | D:1      | Found Teung's Jewellery Boutique.
   137 | D:1      | 137 ||| SHOPLISTING +4 ring of protection (468 gold, have
                  | 14).
   137 | D:1      | 137 ||| SHOPLISTING +6 ring of dexterity (468 gold, have
                  | 14).
   137 | D:1      | 137 ||| SHOPLISTING amulet of reflection (390 gold, have
                  | 14).
   137 | D:1      | 137 ||| SHOPLISTING ring of ice (325 gold, have 14).
   137 | D:1      | 137 ||| SHOPLISTING ring of poison resistance (260 gold,
                  | have 14).
   137 | D:1      | 137 ||| SHOPLISTING ring of resist corrosion (260 gold,
                  | have 14).
   137 | D:1      | 137 ||| SHOPLISTING ring of willpower (325 gold, have 14).
   536 | D:1      | 536 ||| UPGRADING to +6 ring of dexterity.
   537 | D:1      | 537 ||| READING scroll labelled JOSUSS HUTOA.
   538 | D:1      | 538 ||| READING scroll labelled UNYC JEUPAA.
   539 | D:1      | 539 ||| DRINKING 2 sapphire potions.
   540 | D:1      | 540 ||| DROPPING scroll of butterflies.
   541 | D:1      | 541 ||| DROPPING potion of brilliance.
   603 | D:2      | 603 ||| READING scroll of enchant weapon.
   603 | D:2      | 603 ||| ENCHANTING +1 shortbow.
   633 | D:2      | Reached XP level 3. HP: 20/20 MP: 5/5
   728 | D:2      | Reached skill level 7 in Ranged Weapons
   801 | D:2      | Found a faded altar of an unknown god.
   894 | D:2      | Found Husib's General Store.
   903 | D:2      | 903 ||| SHOPLISTING +6 ring of dexterity (432 gold, have
                  | 26).
   903 | D:2      | 903 ||| SHOPLISTING 3 scrolls of enchant weapon (270 gold,
                  | have 26).
   903 | D:2      | 903 ||| SHOPLISTING scroll of teleportation (36 gold, have
                  | 26).
  1003 | D:2      | 1003 ||| READING scroll labelled TAEGOIKIHA.
  1004 | D:2      | 1004 ||| READING scroll labelled ABISIY ELARO.
  1041 | D:2      | 1041 ||| READING scroll labelled MILOGI COFIRGH.
  1042 | D:2      | 1042 ||| READING scroll labelled YGURAV XAARY.
  1043 | D:2      | 1043 ||| DRINKING 2 puce potions.
  1044 | D:2      | 1044 ||| DRINKING 2 yellow potions.
  1045 | D:2      | 1045 ||| DRINKING 2 silvery potions.
  1046 | D:2      | 1046 ||| DROPPING potion of magic.
  1078 | D:3      | 1078 ||| STAIRDANCE
  1080 | D:2      | HP: 4/20 [orc priest/+0 short sword (3)]
  1080 | D:2      | Slain by an orc

Levels and vault maps discovered:
D:1:      denvon_arrival_planthouse, layout_basic, serial_shops,
          nicolae_shop_gaudy_bauble
D:2:      layout_basic, serial_shops, shop,
          dreamdust_ecumenical_altar_angels_and_demons, hex_large,
          minmay_pentomino_z2
D:3:      layout_basic

Skill      XL: |  1  2  3 |
---------------+----------+-----
Ranged Weapons | 6 7 |  7.0
Fighting       | |  1.5
Dodging        | |  2.7
Stealth        | |  1.2

Action                     || total
---------------------------++-------
   Fire: Shortbow          ||    64
    Use: Scroll            ||     7
         Potion            ||     4
 Armour: Leather armour    ||     2
  Dodge: Dodged            ||     7

Table legend:
 A = Non-vault XP
 B = Vault XP
 C = Vault XP percentage of total XP
 D = Non-vault monster count
 E = Vault monster count
 F = Vault count percentage of total count
                 A         B        C        D         E       F
            +---------+---------+-------+---------+---------+-------
      Total |      72 |       0 |   0.0 |      31 |       0 |   0.0
            +---------+---------+-------+---------+---------+-------
        D:1 |      23 |       0 |   0.0 |      13 |       0 |   0.0
        D:2 |      49 |       0 |   0.0 |      18 |       0 |   0.0
            +---------+---------+-------+---------+---------+-------
